 Dungeon Crawl Stone Soup version 0.27.1-3-gb3d3a73c9e (webtiles) character file.

Game seed: 10914351132424276332

275 MisterFreud the Stinger (level 6, -1/44 HPs)
             Began as a Gnoll Venom Mage on Oct 19, 2021.
             Was a Believer of Vehumet.
             Slain by a worm (8 damage)
             ... on level 4 of the Dungeon.
             The game lasted 00:07:12 (4237 turns).

MisterFreud the Stinger (Gnoll Venom Mage)          Turns: 4237, Time: 00:07:12

Health: -1/44      AC:  2    Str:  7    XL:     6   Next: 24%
Magic:  6/14       EV: 13    Int: 22    God:    Vehumet [**....]
Gold:   121        SH:  0    Dex: 13    Spells: 6/15 levels left

rFire    . . .     SeeInvis .   m - +0 whip (elec)
rCold    . . .     Faith    .   (no shield)
rNeg     . . .     Spirit   .   a - +0 robe
rPois    .         Reflect  .   (no helmet)
rElec    .         Harm     .   (no cloak)
rCorr    .         Rampage  .   (no gloves)
Will     .....                  (no boots)
Stlth    ++........             (no amulet)
HPRegen  0.14/turn              b - +6 ring of intelligence
MPRegen  0.14/turn              (no ring)

@: very slow
A: fangs 1, strong nose, distributed training, MP-powered wands
a: Renounce Religion


You were on level 4 of the Dungeon.
You worshipped Vehumet.
Vehumet was pleased with you.
You visited 1 branch of the dungeon, and saw 4 of its levels.

You collected 121 gold pieces.

Inventory:

Hand Weapons
 d - a +0 short sword
 m - a +0 whip of electrocution (weapon)
Armour
 a - a +0 robe (worn)
 g - a +0 buckler
Jewellery
 b - a +6 ring of intelligence (left hand)
Scrolls
 c - 4 scrolls of teleportation {unknown}
 e - 2 scrolls of fear {unknown}
 f - a scroll of noise {unknown}
 h - a scroll of enchant weapon {unknown}
 j - a scroll of summoning {unknown}
 l - 3 scrolls of identify {unknown}
 n - a scroll of amnesia {unknown}
 o - a scroll of vulnerability {unknown}
Potions
 i - a potion of heal wounds
 k - a potion of curing


   Skills:
 + Level 1.8 Fighting
 + Level 1.8 Short Blades
 + Level 1.8 Long Blades
 + Level 1.8 Axes
 + Level 1.8 Maces & Flails
 + Level 1.8 Polearms
 + Level 1.8 Staves
 + Level 1.8 Slings
 + Level 1.8 Bows
 + Level 1.8 Crossbows
 + Level 1.8 Throwing
 + Level 1.8 Armour
 + Level 4.9 Dodging
 + Level 4.5 Stealth
 + Level 1.8 Shields
 + Level 1.8 Unarmed Combat
 + Level 5.3 Spellcasting
 + Level 1.4 Conjurations
 + Level 1.4 Hexes
 + Level 1.4 Summonings
 + Level 1.4 Necromancy
 + Level 1.4 Translocations
 + Level 2.6 Transmutations
 + Level 1.4 Fire Magic
 + Level 1.4 Ice Magic
 + Level 1.4 Air Magic
 + Level 1.4 Earth Magic
 + Level 5.6 Poison Magic
 + Level 2.0 Invocations
 + Level 1.8 Evocations


You had 6 spell levels left.
You knew the following spells:

 Your Spells              Type           Power      Damage    Failure   Level
a - Sting                 Tmut/Pois      96%        1d7       1%          1
b - Freeze                Ice            48%        1d7       5%          1
c - Olgreb's Toxic Radia  Pois           30%        N/A       10%         4
d - Mephitic Cloud        Conj/Pois/Air  18%        N/A       9%          3

Your spell library contained the following spells:

 Spells                   Type           Power      Damage    Failure   Level
 Dazzling Flash           Conj/Hex       24%        N/A       16%         3
 Poisonous Vapours        Pois/Air       42%        N/A       3%          2
 Magic Dart               Conj           48%        1d5       5%          1
 Call Imp                 Summ           12%        N/A       9%          2
 Sublimation of Blood     Necr           6%         N/A       9%          2
 Petrify                  Tmut/Erth      14%        N/A       38%         4
 Irradiate                Conj/Tmut      7%         3d16      75%         5
 Fireball                 Conj/Fire      6%         3d5       83%         5
 Iskenderun's Battlesphe  Conj           12%        2d7       83%         5
 Conjure Ball Lightning   Conj/Air       6%         3x3d6     100%        6
 Orb of Destruction       Conj           6%         9d3       100%        7


Dungeon Overview and Level Annotations

Branches:
Dungeon (4/15)
 Temple: D:4-7

Altars:
Trog
Vehumet
The Shining One


Innate Abilities, Weirdness & Mutations

You have very sharp teeth.
Your uncanny sense of smell can sniff out nearby items.
Your experience applies equally to all skills.
You expend magic power (3 MP) to strengthen your wands.


Message History

Casting: Sting (safe; 1% risk of failure)
Confirm with . or Enter, or press ? or * to list all spells.
Aiming: Sting (safe; 1% risk of failure)
Press: ? - help, Shift-Dir - straight line, f - worm
Aim: a worm (moderately wounded, poisoned, 92% to hit)
The sting hits the worm.
The worm looks even sicker.
The worm is heavily wounded.
Unknown command.
Unknown command.
Casting: Sting (safe; 1% risk of failure)
Confirm with . or Enter, or press ? or * to list all spells.
Aiming: Sting (safe; 1% risk of failure)
Press: ? - help, Shift-Dir - straight line, f/p - worm
Aim: a worm (severely wounded, very poisoned, 92% to hit)
The sting hits the worm.
The worm looks even sicker.
The worm is severely wounded.
Unknown command.
The worm bites you! x2
You hit the worm.
The worm is heavily wounded.
The worm misses you.
You hit the worm but do no damage.
The worm is severely wounded.
The worm looks more healthy.
The worm barely misses you.
You hit the worm.
The worm is severely wounded.
The worm bites you! The worm bites you.
* * * LOW HITPOINT WARNING * * *
The worm barely misses you.
You enter the shallow water.
Moving in this stuff is going to be slow.
You kill the worm!
Vehumet accepts your kill.
Vehumet offers you knowledge of Dazzling Flash.
The worm bites you.
* * * LOW HITPOINT WARNING * * *
Your magical contamination has completely faded away.
The worm bites you!
You die...

#.## #..#
##.#
#.#######
#.......####
##...†.....#
#......≈.≈#
#...ww.≈≈.#
#...≈@≈≈≈≈#
##..≈≈#####
#..≈≈+
#..≈≈#
#.≈≈≈+
######


You could see 2 worms.

Vanquished Creatures
  Purgy (D:3)
  A hound (D:4)
  Jessica (D:2)
  5 adders
  4 worms
  3 dart slugs
  5 orcs (D:4)
  4 ball pythons
  2 bats
  6 endoplasms
  3 giant cockroaches
  5 goblins
  9 hobgoblins
  3 frilled lizards (D:1)
  6 kobolds
  3 rats
61 creatures vanquished.

Vanquished Creatures (others)
  7 plants (D:4)
7 creatures vanquished.

Grand Total: 68 creatures vanquished

Notes
Turn   | Place    | Note
-------+----------+-------------------------------------------
     0 | D:1      | MisterFreud the Gnoll Venom Mage began the quest for the
                  | Orb.
     0 | D:1      | Reached XP level 1. HP: 13/13 MP: 6/6
    45 | D:1      | Found a faded altar of an unknown god.
    58 | D:1      | Became a worshipper of Vehumet
    58 | D:1      | Reached * piety under Vehumet
    58 | D:1      | Offered knowledge of Freeze by Vehumet.
   229 | D:1      | Reached XP level 2. HP: 16/19 MP: 2/7
   899 | D:1      | Learned a level 1 spell: Freeze
  1130 | D:1      | Reached XP level 3. HP: 25/25 MP: 9/9
  1151 | D:1      | Reached skill level 5 in Spellcasting
  1600 | D:2      | Offered knowledge of Foxfire by Vehumet.
  1601 | D:2      | Reached skill level 1 in Invocations
  1687 | D:2      | Reached ** piety under Vehumet
  1767 | D:2      | Noticed Jessica
  1775 | D:2      | Killed Jessica
  1776 | D:2      | Reached skill level 1 in Fighting
  1776 | D:2      | Reached skill level 1 in Short Blades
  1776 | D:2      | Reached skill level 1 in Long Blades
  1776 | D:2      | Reached skill level 1 in Axes
  1776 | D:2      | Reached skill level 1 in Maces & Flails
  1776 | D:2      | Reached skill level 1 in Polearms
  1776 | D:2      | Reached skill level 1 in Staves
  1776 | D:2      | Reached skill level 1 in Slings
  1776 | D:2      | Reached skill level 1 in Bows
  1776 | D:2      | Reached skill level 1 in Crossbows
  1776 | D:2      | Reached skill level 1 in Throwing
  1776 | D:2      | Reached skill level 1 in Armour
  1776 | D:2      | Reached skill level 1 in Shields
  1776 | D:2      | Reached skill level 1 in Unarmed Combat
  1776 | D:2      | Reached skill level 1 in Evocations
  1776 | D:2      | Reached XP level 4. HP: 19/32 MP: 7/11
  2641 | D:3      | Learned a level 4 spell: Olgreb's Toxic Radiance
  2645 | D:3      | Learned a level 3 spell: Mephitic Cloud
  2662 | D:3      | Reached skill level 1 in Conjurations
  2662 | D:3      | Reached skill level 1 in Hexes
  2662 | D:3      | Reached skill level 1 in Summonings
  2662 | D:3      | Reached skill level 1 in Necromancy
  2662 | D:3      | Reached skill level 1 in Translocations
  2662 | D:3      | Reached skill level 1 in Fire Magic
  2662 | D:3      | Reached skill level 1 in Ice Magic
  2662 | D:3      | Reached skill level 1 in Air Magic
  2662 | D:3      | Reached skill level 1 in Earth Magic
  2715 | D:3      | Noticed Purgy
  2741 | D:3      | Gained mutation: You expend magic power (3 MP) to
                  | strengthen your wands. [potion of mutation]
  2748 | D:3      | Killed Purgy
  2749 | D:3      | Reached XP level 5. HP: 9/37 MP: 8/12
  3203 | D:3      | Found a bloodstained altar of Trog.
  3757 | D:4      | Found a glowing golden altar of the Shining One.
  3782 | D:4      | Reached XP level 6. HP: 44/44 MP: 10/13
  4236 | D:4      | Offered knowledge of Dazzling Flash by Vehumet.
  4237 | D:4      | Slain by a worm

Illustrated notes

Levels and vault maps discovered:
D:1:      dpeg_arrival_tiny_j, layout_loops_ring,
          chequers_ecumenical_altar_simple, serial_co_window_serial,
          co_window_paths_a, co_window_corner_a, co_window_paths_a,
          co_window_paths_b, co_window_corner_a, co_window_paths_b,
          co_window_of_opportunity_a, co_window_of_opportunity_c,
          co_window_2corner, co_window_cross_4, co_window_broadway_c,
          co_window_4corner_a, serial_bayou_pond_d
D:2:      layout_basic, uniq_jessica
D:3:      layout_basic, mainiacjoe_overflow_catwalk, uniq_purgy
D:4:      layout_basic, mainiacjoe_overflow_cross_hatched,
          minmay_temple_entry_sparse_star, portal_sewer_entry_e

Skill      XL: |  1  2  3  4  5  6 |
---------------+-------------------+-----
Transmutations | 2 |  2.6
Spellcasting   | 5 |  5.3
Invocations    | 1 2 |  2.0
Fighting       | 1 |  1.8
Short Blades   | 1 |  1.8
Long Blades    | 1 |  1.8
Axes           | 1 |  1.8
Maces & Flails | 1 |  1.8
Polearms       | 1 |  1.8
Staves         | 1 |  1.8
Slings         | 1 |  1.8
Bows           | 1 |  1.8
Crossbows      | 1 |  1.8
Throwing       | 1 |  1.8
Armour         | 1 |  1.8
Shields        | 1 |  1.8
Unarmed Combat | 1 |  1.8
Evocations     | 1 |  1.8
Conjurations   | 1 |  1.4
Hexes          | 1 |  1.4
Summonings     | 1 |  1.4
Necromancy     | 1 |  1.4
Translocations | 1 |  1.4
Fire Magic     | 1 |  1.4
Ice Magic      | 1 |  1.4
Air Magic      | 1 |  1.4
Earth Magic    | 1 |  1.4
Dodging        | |  4.9
Stealth        | |  4.5
Poison Magic   | |  5.6

Action                   |  1- 3 |  4- 6 || total
-------------------------+-------+-------++-------
Melee: Short sword       |    22 |    34 ||    56
       Unarmed           |     1 |       ||     1
       Bite              |       |     4 ||     4
       Whip              |       |    13 ||    13
 Cast: Sting             |    54 |    48 ||   102
       Olgreb's Toxic Ra |       |     2 ||     2
  Use: Potion            |       |     5 ||     5
 Stab: Sleeping          |     4 |     2 ||     6
Armor: Robe              |     5 |     8 ||    13
Dodge: Dodged            |    19 |    53 ||    72
